 Dungeon Crawl Stone Soup version 0.23.0-33-g5e6c059fef (webtiles) character file.

Game seed: 3913139912468658494

24 Ivernyr the Magician (level 3, -6/28 HPs)
             Began as a Naga Wizard on Feb 27, 2019.
             Mangled by a gnoll
             ... wielding a +2 flail of protection
              (16 damage)
             ... on level 2 of the Dungeon.
             The game lasted 00:04:24 (779 turns).

Ivernyr the Magician (Naga Wizard)                   Turns: 779, Time: 00:04:25

Health: -6/28      AC:  2    Str:  9    XL:     3   Next: 2%
Magic:  3/7        EV: 10    Int: 19    God:
Gold:   42         SH:  0    Dex:  9    Spells: 2/8 levels left

rFire    . . .     SeeInvis +   (no weapon)
rCold    . . .     Gourm    .   (no shield)
rNeg     . . .     Faith    .   a - +0 robe
rPois    +         Spirit   .   b - +0 hat
rElec    .         Reflect  .   (no cloak)
rCorr    .         Harm     .   (no gloves)
MR       .....                  (no barding)
Stlth    +++.......             (no amulet)
HPRegen  0.09/turn              e - ring of stealth
MPRegen  0.10/turn              (no ring)

@: short of breath, very slightly contaminated, very slow
A: large, see invisible, deformed body, poison resistance, slowness 2, slow
metabolism 1, spit poison 1, AC +1
a: Spit Poison


You were on level 2 of the Dungeon.
You were not hungry.

You visited 1 branch of the dungeon, and saw 2 of its levels.

You collected 42 gold pieces.

Inventory:

Armour
 a - a +0 robe (worn)
 b - a +0 hat (worn)
Jewellery
 e - a ring of stealth (left hand)
Scrolls
 g - a scroll of identify {unknown}
 i - a scroll of enchant weapon {unknown}
Potions
 c - a potion of curing {unknown}
 f - 2 potions of cancellation {unknown}
 h - a potion of haste {unknown}
Comestibles
 d - a ration


   Skills:
 + Level 1.9 Dodging
 - Level 3.0 Stealth
 + Level 3.2 Spellcasting
 * Level 2.1 Conjurations
   Level 1.0 Summonings
 - Level 1.0 Translocations


You had 2 spell levels left.
You knew the following spells:

 Your Spells              Type           Power        Failure   Level  Hunger
a - Magic Dart            Conj           ##..         6%          1    None
b - Blink                 Tloc           N/A          16%         2    ##.....
c - Conjure Flame         Conj/Fire      #.......     28%         3    ###....

Your spell library contained the following spells:

 Spells                   Type           Power        Failure   Level  Hunger
 Call Imp                 Summ           #.......     16%         2    ##.....
 Slow                     Hex            #.......     22%         2    ##.....
 Mephitic Cloud           Conj/Pois/Air  #.......     32%         3    ###....


Dungeon Overview and Level Annotations

Branches:
Dungeon (2/15)

Altars:


Innate Abilities, Weirdness & Mutations

You cannot wear boots.
Your serpentine skin is tough. (AC +1)
You have supernaturally acute eyesight. (SInv)
Armour fits poorly on your strangely shaped body.
Your system is resistant to poisons. (rPois)
You cover ground very slowly.
You have a slow metabolism.
You can spit poison.


Message History

Press: ? - help, Shift-Dir - straight line, f/p - gnoll
Aim: a gnoll, wielding a +2 flail of protection (heavily wounded)
The magic dart hits the gnoll but does no damage.
The gnoll is heavily wounded.
You have got your breath back.
The gnoll closely misses you.
Casting: Magic Dart (safe; 6% risk of failure)
Confirm with . or Enter, or press ? or * to list all spells.
Aiming: Magic Dart (safe; 6% risk of failure)
Press: ? - help, Shift-Dir - straight line, f/p - gnoll
Aim: a gnoll, wielding a +2 flail of protection (heavily wounded)
The magic dart hits the gnoll.
The gnoll is heavily wounded.
The gnoll misses you.
Press: ? - help, Shift-Dir - straight line, f/p - gnoll
Aim: a gnoll, wielding a +2 flail of protection (heavily wounded)
The splash of poison misses the gnoll.
You feel slightly more hungry.
The gnoll hits you with a +2 flail of protection!
Ouch! That really hurt!
You die...

#..###..# #....
#.....#.# #..##
#####.#.# #<.##
#.#.#####....
######.#.##.......
#.................
#.##........##.###
#.##.#.#.#####.#
#@##.#.#.# #.#
#g#....#.# #.#
#######......#.#
#.#
...............#
#.#
#######........#
#.# #.#...#..# #.#
#......###..#
#.##...# .## #
#...# .#


You could see a gnoll.

Vanquished Creatures
  A dart slug (D:1)
  2 leopard geckos (D:1)
  A giant cockroach (D:1)
  3 goblins (D:1)
  2 hobgoblins (D:1)
  3 jackals (D:1)
  3 kobolds (D:1)
  3 rats (D:1)
18 creatures vanquished.

Notes
Turn   | Place    | Note
-------+----------+-------------------------------------------
     0 | D:1      | Ivernyr the Naga Wizard began the quest for the Orb.
     0 | D:1      | Reached XP level 1. HP: 15/15 MP: 4/4
     6 | D:1      | Noticed a lindwurm
     6 | D:1      | Noticed an iguana
     6 | D:1      | Noticed an eight-headed hydra
     7 | D:1      | Noticed a wolf
     7 | D:1      | Noticed a salamander
   144 | D:1      | Reached XP level 2. HP: 22/22 MP: 4/6
   166 | D:1      | Learned a level 2 spell: Blink
   499 | D:1      | Reached XP level 3. HP: 28/28 MP: 7/7
   544 | D:1      | Learned a level 3 spell: Conjure Flame
   779 | D:2      | Mangled by a gnoll

Skill      XL: |  1  2 |
---------------+-------+-----
Conjurations   | 2 |  2.1
Dodging        | |  1.9
Stealth        | |  3.0
Spellcasting   | |  3.2
Summonings     | |  1.0
Translocations | |  1.0

Action                   || total
-------------------------++-------
Melee: Unarmed           ||     1
 Cast: Magic Dart        ||    19
 Abil: Spit Poison       ||    18
Dodge: Dodged            ||     6
